 Dungeon Crawl Stone Soup version 0.27-a0-604-g29a88b33a7 (webtiles) character file.

Game seed: 10543438915511857397

2 ReteAZ the Magician (level 1, -1/13 HPs)
             Began as a Gnoll Wanderer on Mar 12, 2021.
             Slain by a leopard gecko (4 damage)
             ... on level 1 of the Dungeon.
             The game lasted 00:00:27 (194 turns).

ReteAZ the Magician (Gnoll Wanderer)                 Turns: 194, Time: 00:00:27

Health: -1/13      AC:  2    Str: 11    XL:     1   Next: 30%
Magic:  8/8        EV: 11    Int:  8    God:
Gold:   14         SH:  0    Dex: 14    Spells: 14/14 levels left

rFire    . . .     SeeInvis .   a - +0 dagger
rCold    . . .     Faith    .   (no shield)
rNeg     . . .     Spirit   .   d - +0 robe
rPois    .         Reflect  .   (no helmet)
rElec    .         Harm     .   (no cloak)
rCorr    .         Rampage  .   (no gloves)
Will     .....                  (no boots)
Stlth    +.........             (no amulet)
HPRegen  0.04/turn              (no ring)
MPRegen  0.11/turn              (no ring)

@: no status effects
A: fangs 1, strong nose, distributed training
a: no special abilities


You were on level 1 of the Dungeon.
You visited 1 branch of the dungeon, and saw 1 of its levels.

You collected 14 gold pieces.

Inventory:

Hand Weapons
 a - a +0 dagger (weapon)
Armour
 d - a +0 robe (worn)
Scrolls
 b - a scroll of identify {unknown}
 c - 2 scrolls of teleportation


   Skills:
 + Level 0.0 Fighting
 + Level 0.0 Short Blades
 + Level 0.0 Long Blades
 + Level 0.0 Axes
 + Level 0.0 Maces & Flails
 + Level 0.0 Polearms
 + Level 0.0 Staves
 + Level 0.0 Slings
 + Level 0.0 Bows
 + Level 0.0 Crossbows
 + Level 2.3 Throwing
 + Level 0.0 Armour
 + Level 0.0 Dodging
 + Level 0.0 Stealth
 + Level 2.3 Shields
 + Level 0.0 Unarmed Combat
 + Level 7.0 Spellcasting
 + Level 0.0 Conjurations
 + Level 5.3 Hexes
 + Level 0.0 Summonings
 + Level 0.0 Necromancy
 + Level 0.0 Translocations
 + Level 0.0 Transmutations
 + Level 0.0 Fire Magic
 + Level 0.0 Ice Magic
 + Level 0.0 Air Magic
 + Level 0.0 Earth Magic
 + Level 3.6 Poison Magic
 + Level 0.1 Invocations
 + Level 0.0 Evocations


You had 14 spell levels left.
You didn't know any spells.
Your spell library contained the following spells:

 Spells                   Type           Power      Damage    Failure   Level
 Corona                   Hex            12%        N/A       2%          1
 Confusing Touch          Hex            11%        N/A       7%          3
 Tukima's Dance           Hex            11%        N/A       7%          3
 Ensorcelled Hibernation  Hex/Ice        14%        N/A       11%         2
 Sandblast                Erth           4%         2d4       22%         1
 Dazzling Flash           Conj/Hex       14%        N/A       22%         3
 Stone Arrow              Conj/Erth      4%         3d7       54%         3


Dungeon Overview and Level Annotations

Branches:
Dungeon (1/15)

Altars:


Innate Abilities, Weirdness & Mutations

You have very sharp teeth.
Your uncanny sense of smell can sniff out nearby items.
Your experience applies equally to all skills.


Message History

No target in view!
No target in view!
No target in view!
No target in view!
No target in view!
c - 2 scrolls of teleportation (gained 1)
Found 14 stones.
A bat and a hobgoblin come into view.
There are monsters nearby!
There are monsters nearby!
The hobgoblin shouts!
You hear a shout!
A hobgoblin comes into view. It is wielding a +0 club.
You barely miss the hobgoblin. The hobgoblin barely misses you.
A leopard gecko comes into view.
The leopard gecko hisses angrily.
The hobgoblin shouts!
You hit the hobgoblin.
The hobgoblin is lightly wounded.
You hear a shout!
The hobgoblin barely misses you.
You hit the hobgoblin but do no damage. Your bite misses the hobgoblin.
The hobgoblin is lightly wounded.
The hobgoblin hits you but does no damage.
You hit the hobgoblin.
The hobgoblin is severely wounded.
The hobgoblin barely misses you.
The leopard gecko bites you but does no damage.
A hobgoblin comes into view.
You barely miss the hobgoblin.
The hobgoblin is severely wounded.
The leopard gecko bites you but does no damage.
You barely miss the hobgoblin. Your bite misses the hobgoblin.
The hobgoblin is severely wounded.
The leopard gecko barely misses you. The hobgoblin hits you.
The hobgoblin barely misses you. The leopard gecko bites you.
You barely miss the hobgoblin.
The hobgoblin is severely wounded.
The hobgoblin barely misses you. The hobgoblin hits you with a +0 club.
* * * LOW HITPOINT WARNING * * *
The leopard gecko bites you.
You die...

### ##.# # .... .#
#######..# ..#.. #
.......g.###..#.. #
.b............ #
..........# #
#gl......# # #g@..(...#
# #.......## #
##.....## ########
###...### #......#
#.......####.####.#
####.##..#.##...##....
........#.##......#.#
####..(..........####.#
..........#.##........#


You could see a leopard gecko, 3 hobgoblins and a bat.

Vanquished Creatures
  A giant cockroach (D:1)
  A rat (D:1)
2 creatures vanquished.

Notes
Turn   | Place    | Note
-------+----------+-------------------------------------------
     0 | D:1      | ReteAZ the Gnoll Wanderer began the quest for the Orb.
     0 | D:1      | ReteAZ set off with the following items: a +0 dagger, a
                  | scroll of teleportation, a +0 robe; and the following
                  | spells available to memorise: Corona, Confusing Touch,
                  | Tukima's Dance, Ensorcelled Hibernation, Sandblast,
                  | Dazzling Flash, Stone Arrow
     0 | D:1      | Reached XP level 1. HP: 13/13 MP: 8/8
   194 | D:1      | Slain by a leopard gecko

Illustrated notes

Levels and vault maps discovered:
D:1:      minmay_arrival_widening_spiral_wide, layout_loops_cross

Action                   || total
-------------------------++-------
Melee: Dagger            ||    14
Armor: Robe              ||     4
Dodge: Dodged            ||    10

Table legend: (Time is in decaauts)
 A = Elapsed time spent in this place.
 B = Non-inter-level travel time spent in this place.
 C = Inter-level travel time spent in this place.
 D = Time resting spent in this place.
 E = Time spent auto-exploring this place.
 F = Levels seen in this place.
 G = Mean time per level.
                   A        B        C        D        E       F      G
               +--------+--------+--------+--------+--------+-----+--------+
         Total |    194 |    194 |      0 |      0 |    171 |   1 |  194.0 |
       Dungeon |    194 |    194 |      0 |      0 |    171 |   1 |  194.0 |
               +--------+--------+--------+--------+--------+-----+--------+

Top non-repeatable levels by time:
     D:1: 194 daAuts
